 Dungeon Crawl Stone Soup version 0.31-a0-202-g547052bce9 (webtiles) character file.

Game seed: 3538794519126455967

123 qw the Skirmisher (level 4, -8/25 HPs)
             Began as a Deep Elf Hunter on June 26, 2023.
             Killed by nerve-wracking pain
             ... invoked by an orc priest
              (11 damage)
             ... on level 3 of the Dungeon.
             The game lasted 00:00:40 (1667 turns).

qw the Skirmisher (Deep Elf Hunter)                 Turns: 1667, Time: 00:00:40

Health: -8/25      AC:  6    Str: 10    XL:     4   Next: 80%
Magic:  6/6        EV: 12    Int: 14    God:
Gold:   83         SH:  0    Dex: 24    Spells: 3/3 levels left

rFire   . . .        Y - +0 shortbow (freeze)
rCold   . . .        (shield currently unavailable)
rNeg    . . .        e - +0 ring mail
rPois   +            (no helmet)
rElec   .            (no cloak)
rCorr   .            (no gloves)
SInv    .            b - +0 pair of boots
Will    .....        (no amulet)
Stlth   ++           f - +6 ring of dexterity
HPRegen 0.24/turn    c - ring of poison resistance
MPRegen 0.10/turn

%: no passive effects
@: about to teleport
A: no striking features
a: no special abilities


You were on level 3 of the Dungeon.
You visited 1 branch of the dungeon, and saw 3 of its levels.

You collected 143 gold pieces.
You spent 60 gold pieces at shops.


   Skills:
 - Level 1.5 Fighting
 + Level 8.0 Ranged Weapons
 - Level 3.0 Dodging
 - Level 1.2 Stealth


You had 3 spell levels left.
You didn't know any spells.
Your spell library was empty.

Inventory:

Hand Weapons
 Y - a +0 shortbow of freezing (weapon)
Armour
 b - a +0 pair of boots (worn)
 e - a +0 ring mail (worn)
Jewellery
 c - a ring of poison resistance (right hand)
 f - a +6 ring of dexterity (left hand)
Scrolls
 j - 3 scrolls of teleportation
Potions
 a - a potion of heal wounds {unknown}
 d - a potion of brilliance {unknown}
 g - a potion of attraction {unknown}
 h - 5 potions of curing
 m - a potion of berserk rage {unknown}

Dungeon Overview and Level Annotations

Branches:
Dungeon (3/15)

Altars:

Shops:
D:2 *


Message History

The orc hits you with a +0 whip.
The orc wizard hits you but does no damage.
You shoot an arrow.
The arrow closely misses the orc wizard.
The orc barely misses you. The orc wizard casts a spell at you.
You resist with some effort. The orc hits you with a +0 whip.
The orc wizard mumbles some strange words.
The orc wizard flickers and vanishes!
Deactivating autopickup; reactivate with Ctrl-A.
You shoot an arrow. The arrow barely misses the orc.
The orc hits you with a +0 whip. Something hits you but does no damage.
You shoot an arrow. The arrow barely misses the orc.
The orc closely misses you.
The orc priest looks braver for a moment.
Something hits you but does no damage.
You shoot an arrow. The arrow closely misses the orc.
The orc hits you with a +0 whip. Something hits you.
You shoot an arrow. The arrow barely misses the orc.
The orc closely misses you. Something hits you but does no damage.
You shoot an arrow. The arrow hits the orc!
The arrow freezes the orc.
You kill the orc!
Something hits you but does no damage.
A rat comes into view.
Your Dodging skill increases to level 3!
You shoot an arrow. The arrow hits the orc priest.
The arrow freezes the orc priest.
The orc priest is lightly wounded.
Something hits you.
The orc priest calls down the wrath of Beogh upon you.
Pain shoots through your body! The orc priest closely misses you.
You hear some strange, mumbled words.
Something tries to affect you, but you resist.
1667 ||| READING 4 scrolls of teleportation.
As you read the scroll of teleportation, it crumbles to dust.
You feel strangely unstable. Something hits you.
The orc priest mumbles some strange prayers to Beogh against you.
Pain shoots through your body!
You die...

## .. #
.#.#
.#.####
)......
r^)..#
###{....#
##.@o....#
##........#
#.###.....#
#.# ....##
#.###.#..#
#....##..#
####
##.......#
#..##
##.######.#
#.#.###.##


You could see an orc priest and a rat.

Vanquished Creatures
  3 gnolls (D:2)
  3 adders
  2 worms (D:2)
  3 dart slugs
  3 orcs (D:3)
  7 ball pythons
  3 bats (D:2)
  2 endoplasms
  4 giant cockroaches
  3 goblins
  4 hobgoblins
  2 jackals (D:2)
  5 kobolds
  2 quokkas
  2 frilled lizards
  4 rats (D:2)
52 creatures vanquished.

Notes
Turn   | Place    | Note
-------+----------+-------------------------------------------
     0 | D:1      | qw the Deep Elf Hunter began the quest for the Orb.
     0 | D:1      | Reached XP level 1. HP: 12/12 MP: 3/3
     0 | D:1      | 0 ||| qw: Version: 0.3-a-22-g0ed2b0b
     0 | D:1      | 0 ||| qw: Game counter: 5850
     0 | D:1      | 0 ||| qw: Melee chars always use a shield: true
     0 | D:1      | 0 ||| qw: God list: Okawaru
     0 | D:1      | 0 ||| qw: Allow faded altars: false
     0 | D:1      | 0 ||| qw: Do Orc after clearing Dungeon:15 true
     0 | D:1      | 0 ||| qw: Do second Lair branch before Depths: true
     0 | D:1      | 0 ||| qw: Lair rune preference: random
     0 | D:1      | 0 ||| qw: Goals: Normal
     0 | D:1      | 0 ||| PLANNING D:1-11
   141 | D:1      | Reached XP level 2. HP: 16/16 MP: 4/4
   150 | D:1      | Reached skill level 6 in Ranged Weapons
   523 | D:1      | 523 ||| UPGRADING to +0 ring mail.
   533 | D:1      | 533 ||| DROPPING +0 leather armour.
   534 | D:1      | 534 ||| UPGRADING to +6 ring of dexterity.
   535 | D:1      | 535 ||| READING scroll labelled RAETIQ AKODO.
   536 | D:1      | 536 ||| READING scroll labelled CYFISE ZA AGRI.
   537 | D:1      | 537 ||| DRINKING 3 silvery potions.
   538 | D:1      | 538 ||| DROPPING scroll of butterflies.
   563 | D:2      | 563 ||| STAIRDANCE
   569 | D:1      | HP: 4/16 [poisoned by an adder]
   571 | D:1      | Reached XP level 3. HP: 3/20 MP: 5/5
   723 | D:2      | Reached skill level 7 in Ranged Weapons
   781 | D:2      | Reached XP level 4. HP: 25/25 MP: 6/6
  1169 | D:2      | Reached skill level 8 in Ranged Weapons
  1332 | D:2      | Found Viohiel's General Store.
  1342 | D:2      | 1342 ||| BUYING potion of curing (30 gold).
  1342 | D:2      | Bought a potion of curing for 30 gold pieces
  1342 | D:2      | 1342 ||| BUYING scroll of teleportation (30 gold).
  1342 | D:2      | Bought a scroll of teleportation for 30 gold pieces
  1517 | D:2      | 1517 ||| UPGRADING to +0 pair of boots.
  1522 | D:2      | 1522 ||| UPGRADING to ring of poison resistance.
  1523 | D:2      | 1523 ||| READING scroll labelled RIESEGRAEL.
  1568 | D:2      | 1568 ||| READING scroll labelled IQAIFOE YPPAP.
  1569 | D:2      | 1569 ||| READING scroll labelled QORAOBL INUS.
  1570 | D:2      | 1570 ||| READING 3 scrolls labelled KEUCAS ZELEI.
  1571 | D:2      | 1571 ||| READING scroll labelled XAGEDGH DENOEM.
  1572 | D:2      | 1572 ||| DROPPING 2 scrolls of poison.
  1666 | D:3      | Reached skill level 3 in Dodging
  1666 | D:3      | HP: 4/25 [orc priest/nerve-wracking pain (9)]
  1667 | D:3      | 1667 ||| READING 4 scrolls of teleportation.
  1667 | D:3      | Killed from afar by an orc priest

Levels and vault maps discovered:
D:1:      nicolae_arrival_memento_mori, layout_basic
D:2:      layout_basic, serial_shops, nicolae_square_shop
D:3:      layout_loops_ring, chequers_ecumenical_altar_lobes

Skill      XL: |  1  2  3  4 |
---------------+-------------+-----
Ranged Weapons | 6 7 8 |  8.0
Dodging        | 3 |  3.0
Fighting       | |  1.5
Stealth        | |  1.2

Action                     |  1- 3 |  4- 6 || total
---------------------------+-------+-------++-------
   Fire: Shortbow          |    72 |    70 ||   142
    Use: Scroll            |     2 |     6 ||     8
         Potion            |     1 |       ||     1
 Armour: Ring mail         |     3 |    15 ||    18
  Dodge: Dodged            |    23 |    21 ||    44

Table legend:
 A = Non-vault XP
 B = Vault XP
 C = Vault XP percentage of total XP
 D = Non-vault monster count
 E = Vault monster count
 F = Vault count percentage of total count
                 A         B        C        D         E       F
            +---------+---------+-------+---------+---------+-------
      Total |     177 |       0 |   0.0 |      52 |       0 |   0.0
            +---------+---------+-------+---------+---------+-------
        D:1 |      43 |       0 |   0.0 |      17 |       0 |   0.0
        D:2 |     123 |       0 |   0.0 |      31 |       0 |   0.0
        D:3 |      11 |       0 |   0.0 |       4 |       0 |   0.0
            +---------+---------+-------+---------+---------+-------
